ESL (28 & UNDER)
NEWARK BULLDOGS @ READING RAINBOWS
04/13/2026
 
TOP OF THE 1ST
Newark Bulldogs batting - Pitching for Reading Rainbows : RHP Nathan Seymour
Pitching: RHP Nathan Seymour
Batting: SHB Nick Marshall 0-0: Called Strike
0-1: Fly out, F5 (Popup, 5SF)
Batting: RHB Carl Byrd 0-0: Foul Ball, location: 2F
0-1: SINGLE (Line Drive, 56D)
Batting: RHB Rob Bass 0-0: Called Strike
0-1: Ball
1-1: Ball
2-1: DOUBLE (Flyball, 7LD)
Carl Byrd to third
Runner from 3rd tries for Home, throw and OUT!
Batting: LHB Lee Burton 0-0: Fly out, F4 (Line Drive, 4)
Top of the 1st over - 0 run(s), 2 hit(s), 0 error(s), 1 left on base; Newark 0 - Reading 0
BOTTOM OF THE 1ST
Reading Rainbows batting - Pitching for Newark Bulldogs : LHP Joseph Byrne
Pitching: LHP Joseph Byrne
Batting: LHB Miguel Colón 0-0: Fly out, F6 (Popup, 6MD)
Batting: RHB Albert Lutz 0-0: Ball
1-0: Called Strike
1-1: Foul Ball, location: 2F
1-2: Ball
2-2: Fly out, F7 (Line Drive, 7S)
Batting: RHB Dan Banks 0-0: Called Strike
0-1: Ball
1-1: Ball
2-1: Ball
3-1: Called Strike
3-2: Strikes out swinging
Bottom of the 1st over - 0 run(s), 0 hit(s), 0 error(s), 0 left on base; Newark 0 - Reading 0
TOP OF THE 2ND
Newark Bulldogs batting - Pitching for Reading Rainbows : RHP Nathan Seymour
Batting: RHB Jonas Uttley 0-0: Foul Ball, location: 2F
0-1: Ball
1-1: Fly out, F6 (Popup, 6MD)
Batting: RHB Emílio Salas 0-0: Called Strike
0-1: Called Strike
0-2: Ball
1-2: Foul Ball, location: 2F
1-2: Ball
2-2: Ball
3-2: Foul Ball, location: 2F
3-2: Base on Balls
Batting: RHB Larry Booth 0-0: Ball
1-0: Ball
2-0: Called Strike
2-1: Ball
3-1: Called Strike
3-2: Foul Ball, location: 2F
3-2: SINGLE (Flyball, 8RS)
Emílio Salas to second
Batting: LHB Rocky Whitcomb 0-0: Foul Ball, location: 2F
0-1: Called Strike
0-2: Ball
1-2: Ball
2-2: Ball
3-2: Strikes out swinging
Batting: RHB António Flores 0-0: Foul Ball, location: 2F
0-1: Ball
1-1: Fielders Choice at 2nd, 5-4 (Groundball, 56)
Top of the 2nd over - 0 run(s), 1 hit(s), 0 error(s), 1 left on base; Newark 0 - Reading 0
BOTTOM OF THE 2ND
Reading Rainbows batting - Pitching for Newark Bulldogs : LHP Joseph Byrne
Batting: RHB Germano Labrego 0-0: Called Strike
0-1: Called Strike
0-2: Strikes out looking
Batting: RHB Ron King 0-0: Ground out 4-3 (Groundball, 4)
Batting: LHB Shane Lynch 0-0: Ball
1-0: Ball
2-0: Bunted foul
2-1: Ball
3-1: Base on Balls
Batting: LHB Alfonso Ruíz 0-0: Called Strike
Pickoff Throw to First - Error! E1
Shane Lynch to second
0-1: SINGLE (Line Drive, 34D)
Shane Lynch to third
Runner from 3rd tries for Home, SAFE, no throw or cutoff
Batting: RHB Donald Sanford 0-0: Called Strike
0-1: Ball
1-1: Ball
2-1: Ball
3-1: Base on Balls
Alfonso Ruíz to second
Batting: RHB Louis Smith 0-0: Called Strike
0-1: Ball
1-1: Ball
2-1: Ball
3-1: Base on Balls
Alfonso Ruíz to third
Donald Sanford to second
Batting: LHB Miguel Colón 0-0: Foul Ball, location: 2F
0-1: Called Strike
0-2: SINGLE (Line Drive, 89S)
Alfonso Ruíz scores
Donald Sanford to third
Louis Smith to second
Runner from 3rd tries for Home, SAFE, no throw or cutoff
Batting: RHB Albert Lutz 0-0: Ball
1-0: Foul Ball, location: 2F
1-1: Foul Ball, location: 2F
1-2: SINGLE (Groundball, 56D)
Louis Smith to third
Miguel Colón to second
Runner from 3rd tries for Home, SAFE, no throw or cutoff
Batting: RHB Dan Banks 0-0: Ball
1-0: Called Strike
1-1: Called Strike
1-2: Foul Ball, location: 2F
1-2: Ball
Wild Pitch!
Miguel Colón to third
Albert Lutz to second
2-2: Ball
3-2: Foul Ball, location: 2F
3-2: Fly out, F8 (Popup, 8LS)
Bottom of the 2nd over - 4 run(s), 3 hit(s), 1 error(s), 2 left on base; Newark 0 - Reading 4
TOP OF THE 3RD
Newark Bulldogs batting - Pitching for Reading Rainbows : RHP Nathan Seymour
Batting: SHB Nick Marshall 0-0: Foul Ball, location: 2F
0-1: Swinging Strike
0-2: Hit by Pitch
Batting: RHB Carl Byrd 0-0: Called Strike
Nick Marshall steals 2nd base
0-1: Foul Ball, location: 2F
0-2: Ball
1-2: Ball
2-2: Strikes out swinging
Batting: RHB Rob Bass 0-0: Ball
1-0: Foul Ball, location: 2F
1-1: Ball
2-1: Fly out, F8 (Flyball, 8RD)
Runner from 2nd tags up, SAFE at 3rd, no throw
Batting: LHB Lee Burton 0-0: Foul Ball, location: 2F
0-1: Fly out, F7 (Flyball, 7M)
Top of the 3rd over - 0 run(s), 0 hit(s), 0 error(s), 1 left on base; Newark 0 - Reading 4
BOTTOM OF THE 3RD
Reading Rainbows batting - Pitching for Newark Bulldogs : LHP Joseph Byrne
Batting: RHB Germano Labrego 0-0: Ball
1-0: Swinging Strike
1-1: Called Strike
1-2: DOUBLE (Line Drive, 6D)
Batting: RHB Ron King 0-0: Ball
1-0: Ground out 5-3 (Groundball, 56)
Batting: LHB Shane Lynch 0-0: Ball
1-0: Fly out, F7 (Flyball, 7S)
Batting: LHB Alfonso Ruíz 0-0: DOUBLE (Groundball, 5L)
Germano Labrego scores
Batting: RHB Donald Sanford 0-0: Called Strike
0-1: Foul Ball, location: 2F
0-2: Ball
1-2: Foul Ball, location: 2F
1-2: Ball
2-2: Ball
3-2: Base on Balls
Batting: RHB Louis Smith 0-0: Ball
1-0: Foul Ball, location: 2F
1-1: Swinging Strike
1-2: Ball
2-2: Fly out, F8 (Flyball, 78M)
Bottom of the 3rd over - 1 run(s), 2 hit(s), 0 error(s), 2 left on base; Newark 0 - Reading 5
TOP OF THE 4TH
Newark Bulldogs batting - Pitching for Reading Rainbows : RHP Nathan Seymour
Batting: RHB Jonas Uttley 0-0: SINGLE (Line Drive, 6MD)
Batting: RHB Emílio Salas 0-0: Fly out, F3 (Popup, 3SF)
Batting: RHB Larry Booth 0-0: Foul Ball, location: 2F
0-1: Called Strike
0-2: Strikes out swinging
Batting: LHB Rocky Whitcomb 0-0: Called Strike
0-1: Foul Ball, location: 2F
0-2: Ball
1-2: Ball
2-2: Foul Ball, location: 2F
2-2: Foul Ball, location: 2F
2-2: Strikes out looking
Top of the 4th over - 0 run(s), 1 hit(s), 0 error(s), 1 left on base; Newark 0 - Reading 5
BOTTOM OF THE 4TH
Reading Rainbows batting - Pitching for Newark Bulldogs : LHP Joseph Byrne
Batting: LHB Miguel Colón 0-0: Ball
1-0: Ball
2-0: SINGLE (Flyball, 7S)
Batting: RHB Albert Lutz 0-0: Ball
1-0: Ball
2-0: Called Strike
2-1: Ball
3-1: Base on Balls
Miguel Colón to second
Batting: RHB Dan Banks 0-0: Ball
1-0: SINGLE (Line Drive, 4D)
Miguel Colón to third
Albert Lutz to second
Batting: RHB Germano Labrego 0-0: Ball
1-0: Grounds into double play, 4-6-3 (Groundball, 4)
Miguel Colón scores
Albert Lutz to third
Batting: RHB Ron King 0-0: Called Strike
0-1: Foul Ball, location: 2F
0-2: Foul Ball, location: 2F
0-2: Ball
1-2: Ball
2-2: Fly out, F7 (Flyball, 78D)
Bottom of the 4th over - 1 run(s), 2 hit(s), 0 error(s), 1 left on base; Newark 0 - Reading 6
TOP OF THE 5TH
Newark Bulldogs batting - Pitching for Reading Rainbows : RHP Nathan Seymour
Batting: RHB António Flores 0-0: Ball
1-0: Ball
2-0: Foul Ball, location: 2F
2-1: Called Strike
2-2: Foul Ball, location: 2F
2-2: Foul Ball, location: 2F
2-2: Strikes out swinging
Batting: SHB Nick Marshall 0-0: Called Strike
0-1: Ground out 4-3 (Groundball, 4)
Batting: RHB Carl Byrd 0-0: Called Strike
0-1: Ball
1-1: Ball
2-1: Foul Ball, location: 2F
2-2: Foul Ball, location: 2F
2-2: Strikes out swinging
Top of the 5th over - 0 run(s), 0 hit(s), 0 error(s), 0 left on base; Newark 0 - Reading 6
BOTTOM OF THE 5TH
Reading Rainbows batting - Pitching for Newark Bulldogs : LHP Joseph Byrne
Batting: LHB Shane Lynch 0-0: Swinging Strike
0-1: Foul Ball, location: 2F
0-2: Ball
1-2: Ball
2-2: Foul Ball, location: 2F
2-2: Fly out, F7 (Flyball, 78D)
Batting: LHB Alfonso Ruíz 0-0: Ball
1-0: Foul Ball, location: 2F
1-1: Ball
2-1: Foul Ball, location: 2F
2-2: Ball
3-2: Foul Ball, location: 2F
3-2: Ground out 1-3 (Groundball, 3S)
Batting: RHB Donald Sanford 0-0: Ground out 6-3 (Groundball, 6)
Bottom of the 5th over - 0 run(s), 0 hit(s), 0 error(s), 0 left on base; Newark 0 - Reading 6
TOP OF THE 6TH
Newark Bulldogs batting - Pitching for Reading Rainbows : RHP Nathan Seymour
Batting: RHB Rob Bass 0-0: Ball
1-0: Foul Ball, location: 2F
1-1: SOLO HOME RUN (Flyball, 7D), Distance : 379 ft
Batting: LHB Lee Burton 0-0: Ball
1-0: Ball
2-0: Swinging Strike
2-1: Ball
3-1: Swinging Strike
3-2: Foul Ball, location: 2F
3-2: Base on Balls
Batting: RHB Jonas Uttley 0-0: Fly out, F6 (Popup, 6MD)
Batting: RHB Emílio Salas 0-0: Called Strike
0-1: Fly out, F7 (Popup, 7S)
Batting: RHB Larry Booth 0-0: Ball
1-0: SINGLE (Groundball, 56) (infield hit)
Lee Burton to second
Batting: LHB Rocky Whitcomb 0-0: Foul Ball, location: 2F
0-1: Swinging Strike
0-2: Ball
1-2: Ball
2-2: Fly out, F9 (Flyball, 9M)
Top of the 6th over - 1 run(s), 2 hit(s), 0 error(s), 2 left on base; Newark 1 - Reading 6
BOTTOM OF THE 6TH
Reading Rainbows batting - Pitching for Newark Bulldogs : LHP Joseph Byrne
Pitching: LHP José Alaniz
Batting: RHB Louis Smith 0-0: Swinging Strike
0-1: Foul Ball, location: 2F
0-2: Foul Ball, location: 2F
0-2: Ball
1-2: Ball
2-2: Ball
3-2: Foul Ball, location: 2F
3-2: Base on Balls
Batting: LHB Miguel Colón 0-0: Ball
1-0: Swinging Strike
1-1: Swinging Strike
1-2: Ball
2-2: Strikes out looking
Batting: RHB Albert Lutz 0-0: Called Strike
0-1: Fly out, F9 (Flyball, 9D)
Batting: RHB Dan Banks 0-0: Called Strike
0-1: Ground out 5-3 (Groundball, 5S)
Bottom of the 6th over - 0 run(s), 0 hit(s), 0 error(s), 1 left on base; Newark 1 - Reading 6
TOP OF THE 7TH
Newark Bulldogs batting - Pitching for Reading Rainbows : RHP Nathan Seymour
Pitching: LHP Beau Montgomery
Batting: RHB António Flores 0-0: Ball
1-0: Ground out 5-3 (Groundball, 56)
Batting: SHB Nick Marshall 0-0: Ball
1-0: Called Strike
1-1: Foul Ball, location: 2F
1-2: Foul Ball, location: 2F
1-2: Ball
2-2: Foul Ball, location: 2F
2-2: SINGLE (Line Drive, 56)
Batting: RHB Carl Byrd 0-0: Ball
Nick Marshall steals 2nd base
1-0: Foul Ball, location: 2F
1-1: Fly out, F2 (Popup, 2RF)
Batting: RHB Rob Bass 0-0: SINGLE (Groundball, 6MD)
Nick Marshall to third
Runner from 3rd tries for Home, SAFE, no throw or cutoff
Batting: LHB Lee Burton 0-0: Called Strike
0-1: Ball
1-1: Ball
2-1: Foul Ball, location: 2F
2-2: Strikes out swinging
Top of the 7th over - 1 run(s), 2 hit(s), 0 error(s), 1 left on base; Newark 2 - Reading 6
BOTTOM OF THE 7TH
Reading Rainbows batting - Pitching for Newark Bulldogs : LHP José Alaniz
Batting: RHB Germano Labrego 0-0: Ball
1-0: Ball
2-0: Foul Ball, location: 2F
2-1: Called Strike
2-2: Fly out, F7 (Flyball, 78M)
Batting: RHB Ron King 0-0: Called Strike
0-1: Swinging Strike
0-2: Ball
1-2: Ball
2-2: Ball
3-2: Base on Balls
Batting: LHB Shane Lynch 0-0: Swinging Strike
0-1: Foul Ball, location: 2F
0-2: SINGLE (Groundball, 5D)
Ron King to second
Batting: LHB Alfonso Ruíz 0-0: Called Strike
0-1: Called Strike
0-2: Ball
1-2: Strikes out swinging
Batting: RHB Donald Sanford 0-0: Ball
1-0: Fly out, F7 (Flyball, 7M)
Bottom of the 7th over - 0 run(s), 1 hit(s), 0 error(s), 2 left on base; Newark 2 - Reading 6
TOP OF THE 8TH
Newark Bulldogs batting - Pitching for Reading Rainbows : LHP Beau Montgomery
Batting: RHB Jonas Uttley 0-0: Ball
1-0: Ground out 5-3 (Groundball, 56S)
Batting: RHB Emílio Salas 0-0: Ball
1-0: Ball
2-0: Ball
3-0: Called Strike
3-1: Fly out, F3 (Popup, 3SF)
Batting: RHB Larry Booth 0-0: Called Strike
0-1: Called Strike
0-2: Foul Ball, location: 2F
0-2: Ball
1-2: Ground out 5-3 (Groundball, 56)
Top of the 8th over - 0 run(s), 0 hit(s), 0 error(s), 0 left on base; Newark 2 - Reading 6
BOTTOM OF THE 8TH
Reading Rainbows batting - Pitching for Newark Bulldogs : LHP José Alaniz
Pitching: RHP Russ Brown
Batting: RHB Louis Smith 0-0: Ground out 4-3 (Groundball, 4M)
Batting: LHB Miguel Colón 0-0: Ball
1-0: Ball
2-0: Ball
3-0: Base on Balls
Batting: RHB Albert Lutz 0-0: Ball
Miguel Colón steals 2nd base
1-0: Swinging Strike
1-1: Foul Ball, location: 2F
1-2: Ball
2-2: Foul Ball, location: 2F
2-2: Ball
3-2: Foul Ball, location: 2F
3-2: Foul Ball, location: 2F
3-2: Base on Balls
Batting: RHB Dan Banks 0-0: Called Strike
0-1: Ball
1-1: Swinging Strike
1-2: Strikes out swinging
Batting: RHB Germano Labrego 0-0: Ball
1-0: Ball
2-0: Called Strike
2-1: Ball
3-1: Swinging Strike
3-2: SINGLE (Line Drive, 8LS)
Miguel Colón to third
Albert Lutz to second
Miguel Colón scores
Albert Lutz to third
Batting: RHB Ron King 0-0: Called Strike
0-1: SINGLE (Groundball, 4M)
Albert Lutz scores
Germano Labrego to second
Pitching: RHP Bartolo Rodríguez
Batting: LHB Shane Lynch 0-0: Ball
1-0: Called Strike
1-1: Ball
2-1: Foul Ball, location: 2F
2-2: Ball
3-2: Foul Ball, location: 2F
3-2: Strikes out looking
Bottom of the 8th over - 2 run(s), 2 hit(s), 0 error(s), 2 left on base; Newark 2 - Reading 8
TOP OF THE 9TH
Newark Bulldogs batting - Pitching for Reading Rainbows : LHP Beau Montgomery
Now at 2B: Kyle Hollingsworth
Batting: LHB Rocky Whitcomb 0-0: Swinging Strike
0-1: Foul Ball, location: 2F
0-2: Foul Ball, location: 2F
0-2: Strikes out looking
Batting: RHB António Flores 0-0: Ball
1-0: Fly out, F7 (Flyball, 8LXD)
Batting: SHB Nick Marshall 0-0: Foul Ball, location: 2F
0-1: Ball
1-1: Ground out 6-3 (Groundball, 6)
Top of the 9th over - 0 run(s), 0 hit(s), 0 error(s), 0 left on base; Newark 2 - Reading 8
Monday, December 5th, 2016 - OOTP Baseball 17.12 Build 75